[Event "FIDE World School-ch G-13 2025"]
[Site "Vrnjacka Banja"]
[Date "2025.03.26"]
[Round "7.1"]
[White "Tereshchenko, Eliza"]
[Black "Begmuratova, Sarvinoz"]
[Result "0-1"]
[Annotator "NA RC"]
[ECO "D77"]
[WhiteElo "1751"]
[BlackElo "1808"]
[PlyCount "106"]
[EventDate "2025.03.19"]
[EventType "swiss"]
[EventCountry "SRB"]
[SourceTitle "playchess.com"]
[Source "ChessBase"]
[SourceQuality "1"]
[TimeControl "5400+30"]

1. d4 Nf6 2. Nf3 g6 3. g3 Bg7 4. Bg2 O-O 5. O-O d5 6. c4 dxc4 7. Na3 a5 8. Nxc4 a4 9. Bf4 Nc6 10. Nce5 Nd5 11. Nxc6 bxc6 12. Rc1 Nxf4 13. gxf4 Be6 14. a3 Bd5 15. e3 Qd6 16. Qc2 Qe6 17. Ng5 Qg4 18. f3 Qh5 19. Ne4 Rab8 20. Nc5 Bb3 21. Qe2 Rb5 22. Rc3 Rd8 23. Nxb3 Rxb3 24. Rxb3 axb3 25. Rc1 Rd6 26. Rc5 Qh4 27. Rc3 c5 28. dxc5 Re6 29. Rxb3 Bd4 30. Rd3 Qxf4 31. Kh1 Bxe3 32. Qf1 Bxc5 33. Rd8+ Kg7 34. Rd1 Bd6 35. Qg1 Re5 36. h3 Re3 37. Ra1 Qg3 38. Rf1 Re2 39. b4 Bf4 40. a4 Re5 41. Ra1 Rh5 42. Ra2 Rxh3+ 43. Bxh3 Qxh3+ 44. Rh2 Bxh2 45. Qxh2 Qxf3+ 46. Qg2 Qd1+ 47. Qg1 Qxa4 48. Qd4+ f6 49. Qc5 Qd1+ 50. Kg2 Qd6 51. Qc3 h5 52. Qa3 h4 53. Qa5 Qg3+ 0-1

[Event "FIDE World School-ch G-13 2025"]
[Site "Vrnjacka Banja"]
[Date "2025.03.26"]
[Round "7.2"]
[White "Amanzhol, Khanzada"]
[Black "Omirserik, Alima"]
[Result "1-0"]
[Annotator "NA RC"]
[ECO "B42"]
[WhiteElo "1908"]
[BlackElo "1814"]
[PlyCount "93"]
[EventDate "2025.03.19"]
[EventType "swiss"]
[EventCountry "SRB"]
[SourceTitle "playchess.com"]
[Source "ChessBase"]
[SourceQuality "1"]
[TimeControl "5400+30"]

1. e4 c5 2. Nf3 e6 3. d4 cxd4 4. Nxd4 Qb6 5. Nb3 Qc7 6. Be3 a6 7. Bd3 d6 8. c4 b6 9. Qe2 Bb7 10. N1d2 Nd7 11. O-O Ngf6 12. f3 Be7 13. a4 a5 14. Nd4 O-O 15. Nb5 Qd8 16. f4 Ne8 17. f5 Bf6 18. Nf3 exf5 19. exf5 Ne5 20. Nxe5 Bxe5 21. Qf2 Ra6 22. Rad1 Nf6 23. Bf4 Qb8 24. Be2 d5 25. Bxe5 Qxe5 26. cxd5 Nxd5 27. Bf3 Rd8 28. Rfe1 Qb8 29. Bxd5 Bxd5 30. Rxd5 Rxd5 31. Nc7 Rd8 32. Nxa6 Qb7 33. Qe2 Rf8 34. b4 h6 35. b5 Rc8 36. Rd1 f6 37. Qe3 Kh7 38. Re1 Rc4 39. Qg3 Re4 40. Rc1 Rxa4 41. h3 Qf7 42. Rc7 Qf8 43. Nb8 Ra1+ 44. Kh2 a4 45. Nd7 Qd8 46. Nc5 bxc5 47. Qxg7# 1-0

[Event "FIDE World School-ch G-13 2025"]
[Site "Vrnjacka Banja"]
[Date "2025.03.26"]
[Round "7.3"]
[White "Gaer, Sofiya Ig"]
[Black "Abylaykyzy, Bibisara"]
[Result "1/2-1/2"]
[Annotator "NA RC"]
[ECO "B31"]
[WhiteElo "1733"]
[BlackElo "1651"]
[PlyCount "100"]
[EventDate "2025.03.19"]
[EventType "swiss"]
[EventCountry "SRB"]
[SourceTitle "playchess.com"]
[Source "ChessBase"]
[SourceQuality "1"]
[TimeControl "5400+30"]

1. e4 c5 2. Nf3 Nc6 3. Bb5 g6 4. O-O Bg7 5. Bxc6 bxc6 6. Nc3 d5 7. Re1 e6 8. Qe2 Ne7 9. exd5 Nxd5 10. Ne4 Nb4 11. d3 Na6 12. Bg5 f6 13. Be3 Qe7 14. Qd2 Rb8 15. Rab1 O-O 16. a3 f5 17. Nc3 Bb7 18. Na4 Bc8 19. Bf4 Rb7 20. Ne5 Bxe5 21. Rxe5 Rd7 22. Rbe1 Rd4 23. b3 Re8 24. Qe3 Rd5 25. Qg3 Rd4 26. h4 c4 27. dxc4 Qxa3 28. Rxf5 Red8 29. Rfe5 Rd1 30. h5 Qa1 31. f3 Rxe1+ 32. Rxe1 Rd1 33. Rxd1 Qxd1+ 34. Kh2 Qxc2 35. Qg5 Qf5 36. Qd8+ Kf7 37. hxg6+ hxg6 38. Bg5 e5 39. Qe7+ Kg8 40. Bf6 Qf4+ 41. Kg1 Qc1+ 42. Kf2 Qd2+ 43. Kg1 Qc1+ 44. Kh2 Qf4+ 45. Kh1 Qc1+ 46. Kh2 Qf4+ 47. Kg1 Qc1+ 48. Kf2 Qd2+ 49. Kf1 Qd1+ 50. Kf2 Qd2+ 1/2-1/2

[Event "FIDE World School-ch G-13 2025"]
[Site "Vrnjacka Banja"]
[Date "2025.03.26"]
[Round "7.4"]
[White "Smirnova, Viktoria A"]
[Black "Leca Andrei, Anastasia"]
[Result "1-0"]
[Annotator "NA RC"]
[ECO "D30"]
[WhiteElo "1671"]
[BlackElo "1805"]
[PlyCount "99"]
[EventDate "2025.03.19"]
[EventType "swiss"]
[EventCountry "SRB"]
[SourceTitle "playchess.com"]
[Source "ChessBase"]
[SourceQuality "1"]
[TimeControl "5400+30"]

1. d4 d5 2. c4 e6 3. Nf3 c6 4. Nbd2 Nf6 5. Qc2 Nbd7 6. g3 Bb4 7. a3 Bxd2+ 8. Nxd2 e5 9. cxd5 Nxd5 10. Bg2 N5f6 11. Nc4 Qe7 12. dxe5 Nxe5 13. Nxe5 Qxe5 14. Bxc6+ Ke7 15. Bg2 Rd8 16. Bf4 Qb5 17. O-O Be6 18. a4 Qa6 19. Bg5 Rac8 20. Bxf6+ Kxf6 21. Qxh7 Rd4 22. e4 g6 23. e5+ Ke7 24. Qg7 Rcc4 25. Qf6+ Ke8 26. a5 Qb5 27. Qh8+ Ke7 28. Qb8 Rd7 29. Rfd1 Rcc7 30. Rxd7+ Rxd7 31. Qxa7 Qxe5 32. Qb6 Bd5 33. Bxd5 Qxd5 34. Re1+ Kf8 35. Qb4+ Kg7 36. Qc3+ Kh6 37. Qh8+ Kg5 38. Re5+ Qxe5 39. Qxe5+ f5 40. h4+ Kh5 41. Qh8+ Kg4 42. Qh6 Kf3 43. Qf4+ Ke2 44. Qe3+ Kd1 45. Qb3+ Kc1 46. Qc4+ Kb1 47. a6 bxa6 48. Qxa6 Rd1+ 49. Kg2 Kxb2 50. Qxg6 1-0

[Event "FIDE World School-ch G-13 2025"]
[Site "Vrnjacka Banja"]
[Date "2025.03.26"]
[Round "7.5"]
[White "Wangluo, Joanne"]
[Black "Xu, Luna Yuexiu"]
[Result "0-1"]
[Annotator "NA RC"]
[ECO "D07"]
[WhiteElo "1516"]
[BlackElo "1901"]
[PlyCount "120"]
[EventDate "2025.03.19"]
[EventType "swiss"]
[EventCountry "SRB"]
[SourceTitle "playchess.com"]
[Source "ChessBase"]
[SourceQuality "1"]
[TimeControl "5400+30"]

1. d4 d5 2. c4 Nc6 3. cxd5 Qxd5 4. Nc3 Qxd4 5. e4 Qxd1+ 6. Nxd1 Nf6 7. f3 e5 8. Bd2 Bd7 9. Bc4 Nd4 10. Rc1 b5 11. Bd3 c5 12. b3 a5 13. Nb2 Bd6 14. Ne2 Ke7 15. Nc3 a4 16. bxa4 c4 17. Bxc4 bxc4 18. Nxc4 Rhb8 19. Bg5 Be6 20. Nxd6 Kxd6 21. Rd1 Rb2 22. O-O Rc2 23. Nb5+ Kc5 24. Be3 Rxa4 25. Nxd4 exd4 26. Rf2 Rxf2 27. Bxf2 Bxa2 28. Rc1+ Rc4 29. Ra1 Bb3 30. Ra5+ Kc6 31. Ra6+ Kb5 32. Ra1 d3 33. Be1 Rc2 34. Rb1 Kc4 35. Rd1 Re2 36. Rc1+ Bc2 37. Kf1 Rxe1+ 38. Kxe1 Kc3 39. Ra1 d2+ 40. Ke2 d1=Q+ 41. Rxd1 Bxd1+ 42. Kxd1 Kd3 43. Ke1 Ke3 44. Kf1 Nh5 45. Ke1 Nf4 46. Kf1 Nd3 47. h3 g5 48. Kg1 Ke2 49. Kh2 Kf2 50. h4 gxh4 51. Kh3 Nf4+ 52. Kxh4 Nxg2+ 53. Kg4 Ke3 54. Kg3 Ne1 55. Kg4 Nxf3 56. Kf5 h5 57. e5 h4 58. Kg4 Nxe5+ 59. Kxh4 f5 60. Kg3 f4+ 0-1

[Event "FIDE World School-ch G-13 2025"]
[Site "Vrnjacka Banja"]
[Date "2025.03.26"]
[Round "7.6"]
[White "Akuratiya, A G Hansadie Aradhya"]
[Black "Enkhzaya, Zagas-Erdene"]
[Result "1/2-1/2"]
[Annotator "NA RC"]
[ECO "C54"]
[WhiteElo "1629"]
[BlackElo "1801"]
[PlyCount "114"]
[EventDate "2025.03.19"]
[EventType "swiss"]
[EventCountry "SRB"]
[SourceTitle "playchess.com"]
[Source "ChessBase"]
[SourceQuality "1"]
[TimeControl "5400+30"]

1. e4 e5 2. Nf3 Nf6 3. Bc4 Nc6 4. d3 Bc5 5. c3 d6 6. h3 O-O 7. O-O h6 8. Re1 Be6 9. Bb5 a6 10. Ba4 b5 11. Bc2 Ba7 12. Nbd2 Ne7 13. Nf1 Ng6 14. Ng3 c6 15. d4 Qc7 16. Nf5 Rfe8 17. N3h4 Nxh4 18. Nxh4 Rad8 19. Qf3 Qe7 20. Nf5 Bxf5 21. exf5 e4 22. Qg3 Kh8 23. Qh4 d5 24. g4 Bb8 25. f4 a5 26. Be3 Bd6 27. g5 Nh7 28. Kf2 hxg5 29. fxg5 g6 30. fxg6 fxg6 31. Ke2 Rf8 32. Rf1 Qc7 33. Rf6 Qg7 34. Raf1 Kg8 35. R6f2 Rxf2+ 36. Rxf2 Rf8 37. Qg4 Rxf2+ 38. Bxf2 Qc7 39. h4 Nf8 40. Bb3 a4 41. Bd1 Qf7 42. b4 Ne6 43. a3 Nf4+ 44. Ke3 Nd3 45. Bg3 Qf1 46. Qe6+ Kg7 47. Qf6+ Qxf6 48. gxf6+ Kxf6 49. Bxd6 Ke6 50. Bg3 Kf5 51. Be2 Nc1 52. Be1 Nxe2 53. Kxe2 Kg4 54. Ke3 Kf5 55. Bf2 Kg4 56. Be1 Kf5 57. Bf2 Kg4 1/2-1/2